 Dungeon Crawl Stone Soup version 0.21-a0-584-g185da8e (webtiles) character file.

147 teukkam the Magician (level 5, -1/40 HPs)
             Began as a Gnoll Wanderer on Dec 20, 2017.
             Slain by an orc wizard
             ... wielding a +0 dagger
              (3 damage)
             ... on level 3 of the Dungeon on Dec 21, 2017.
             The game lasted 00:17:58 (2223 turns).

teukkam the Magician (Gnoll Wanderer)               Turns: 2223, Time: 00:17:59

Health: -1/40      AC:  2    Str: 15    XL:     5   Next: 29%
Magic:  5/12       EV: 12    Int: 19    God:
Gold:   73         SH:  0    Dex: 13    Spells: 10/14 levels left

rFire    . . .     SeeInvis .   a - +2 mace
rCold    + . .     Gourm    .   (no shield)
rNeg     . . .     Faith    .   s - +0 robe {rC+}
rPois    .         Spirit   .   (no helmet)
rElec    .         Reflect  .   (no cloak)
rCorr    .         Harm     +   (no gloves)
MR       .....                  (no boots)
Stlth    ++........             n - amulet of harm
HPRegen  0.13/turn              j - +3 ring of intelligence
MPRegen  0.13/turn              (no ring)

@: lethally poisoned (-1 -> -4)
A: distributed training, fangs 1, strong nose
a: no special abilities


You were on level 3 of the Dungeon.
You were not hungry.

You visited 1 branch of the dungeon, and saw 3 of its levels.

You collected 73 gold pieces.

Inventory:

Hand Weapons
 a - a +2 mace (weapon)
 b - a +0 blowgun
Missiles
 c - 8 curare-tipped needles
 p - 3 poisoned needles
Armour
 s - a +0 robe of cold resistance (worn)
Jewellery
 j - a +3 ring of intelligence (left hand)
 n - an amulet of harm (around neck)
 u - an uncursed amulet of guardian spirit
Wands
 k - a wand of digging (19)
Scrolls
 e - a scroll of enchant weapon {unknown}
 g - 2 scrolls of enchant armour {unknown}
 h - 3 scrolls of identify
 i - a scroll of fear {unknown}
 l - 2 scrolls of teleportation {unknown}
 o - a scroll of immolation {unknown}
 r - a scroll of remove curse {unknown}
Potions
 m - 2 potions of curing
Books
 d - the Volume of the Blaze

   Spells                             Type                      Level
   a - Flame Tongue                   Conjuration/Fire             1
   b - Conjure Flame                  Conjuration/Fire             3
Comestibles
 f - 3 rations


   Skills:
 + Level 2.9 Fighting
 + Level 1.4 Short Blades
 + Level 1.4 Long Blades
 + Level 1.4 Axes
 + Level 4.7 Maces & Flails
 + Level 1.4 Polearms
 + Level 1.4 Staves
 + Level 1.4 Slings
 + Level 1.4 Bows
 + Level 1.4 Crossbows
 + Level 2.9 Throwing
 + Level 1.4 Armour
 + Level 1.4 Dodging
 + Level 1.4 Stealth
 + Level 1.4 Shields
 + Level 1.4 Unarmed Combat
 + Level 5.1 Spellcasting
 + Level 1.1 Conjurations
 + Level 1.1 Hexes
 + Level 1.1 Charms
 + Level 1.1 Summonings
 + Level 1.1 Necromancy
 + Level 1.1 Translocations
 + Level 3.9 Transmutations
 + Level 1.1 Fire Magic
 + Level 2.3 Ice Magic
 + Level 1.1 Air Magic
 + Level 1.1 Earth Magic
 + Level 1.1 Poison Magic
 + Level 1.5 Invocations
 + Level 2.9 Evocations


You had 10 spell levels left.
You knew the following spells:

 Your Spells              Type           Power        Failure   Level  Hunger
a - Flame Tongue          Conj/Fire      #....        8%          1    None
b - Conjure Flame         Conj/Fire      #.......     22%         3    ##.....


Dungeon Overview and Level Annotations

Branches:
Dungeon (3/15)

Altars:


Innate Abilities, Weirdness & Mutations

Your experience applies equally to all skills.
You have very sharp teeth.
Your uncanny sense of smell can sniff out nearby items.


Message History

Nothing appears to happen.
You feel sick. Something hits you but does no damage.
Casting: Flame Tongue
Confirm with . or Enter, or press ? or * to list all spells.
Aiming: Flame Tongue
Press: ? - help, Shift-Dir - straight line, f/p - orc
Aim: an orc The flame tongue hits something.
Something hits you.
* * * LOW HITPOINT WARNING * * *
Casting: Flame Tongue
Confirm with . or Enter, or press ? or * to list all spells.
Aiming: Flame Tongue
Press: ? - help, Shift-Dir - straight line, f/p - orc
Aim: an orc The flame tongue hits something.
Something barely misses you.
It was a potion of cancellation.
You feel magically purged.
Your magical contamination has completely faded away.
* * * LOW HITPOINT WARNING * * *
You feel sick. Something hits you.
You die...

∆ ######### #.......#
#.......# ###
######.......#####....#
...............@)o....#
####.......#####....#
#...(####### ..# #.<#.#
# ####.# ... #... #....
#.....


You could see an orc.

Vanquished Creatures
  A centaur zombie (D:3)
  A gnoll (D:1)
  2 adders
  An ooze (D:1)
  A dart slug (D:2)
  4 leopard geckos (D:2)
  An orc (D:3)
  3 giant cockroaches (D:1)
  11 goblins
  8 hobgoblins
  10 jackals (D:1)
  11 kobolds
  A quokka (D:2)
  5 bats
  3 frilled lizards
  8 rats
71 creatures vanquished.

Notes
Turn   | Place    | Note
-------+----------+-------------------------------------------
     0 | D:1      | teukkam the Gnoll Wanderer began the quest for the Orb.
     0 | D:1      | teukkam set off with: a +2 mace, the Volume of the Blaze, 10 poisoned needles, a +0 blowgun, a +0 robe, a ration
     0 | D:1      | Reached XP level 1. HP: 17/17 MP: 6/6
     0 | D:1      | Identified the Volume of the Blaze
     2 | D:1      | Learned a level 1 spell: Flame Tongue
   110 | D:1      | Reached XP level 2. HP: 17/23 MP: 7/7
   727 | D:1      | Reached XP level 3. HP: 27/28 MP: 7/9
   754 | D:1      | Reached skill level 5 in Spellcasting
   970 | D:1      | Learned a level 3 spell: Conjure Flame
   977 | D:1      | Reached skill level 1 in Invocations
  1085 | D:1      | Reached skill level 1 in Short Blades
  1085 | D:1      | Reached skill level 1 in Long Blades
  1085 | D:1      | Reached skill level 1 in Axes
  1085 | D:1      | Reached skill level 1 in Polearms
  1085 | D:1      | Reached skill level 1 in Staves
  1085 | D:1      | Reached skill level 1 in Slings
  1085 | D:1      | Reached skill level 1 in Bows
  1085 | D:1      | Reached skill level 1 in Crossbows
  1085 | D:1      | Reached skill level 1 in Armour
  1085 | D:1      | Reached skill level 1 in Dodging
  1085 | D:1      | Reached skill level 1 in Stealth
  1085 | D:1      | Reached skill level 1 in Shields
  1085 | D:1      | Reached skill level 1 in Unarmed Combat
  1272 | D:1      | Reached XP level 4. HP: 33/34 MP: 9/11
  1823 | D:2      | Reached skill level 1 in Conjurations
  1823 | D:2      | Reached skill level 1 in Hexes
  1823 | D:2      | Reached skill level 1 in Charms
  1823 | D:2      | Reached skill level 1 in Summonings
  1823 | D:2      | Reached skill level 1 in Necromancy
  1823 | D:2      | Reached skill level 1 in Translocations
  1823 | D:2      | Reached skill level 1 in Fire Magic
  1823 | D:2      | Reached skill level 1 in Air Magic
  1823 | D:2      | Reached skill level 1 in Earth Magic
  1823 | D:2      | Reached skill level 1 in Poison Magic
  2194 | D:3      | Reached XP level 5. HP: 17/40 MP: 12/12
  2221 | D:3      | HP: 2/40 [something (4)]
  2223 | D:3      | Slain by an orc wizard

Vault maps used:
D:1:      shiori_shiawase, st_stairs_5
D:2:      kennysheep_generic_room_2
D:3:      first_ration, serial_bayou_pond_b, uniq_terence,
          uniq_crazy_yiuf_cottage

Skill      XL: |  1  2  3  4 |
---------------+-------------+-----
Ice Magic      | 2 |  2.3
Spellcasting   | 5 |  5.1
Invocations    | 1 |  1.5
Short Blades   | 1 |  1.4
Long Blades    | 1 |  1.4
Axes           | 1 |  1.4
Polearms       | 1 |  1.4
Staves         | 1 |  1.4
Slings         | 1 |  1.4
Bows           | 1 |  1.4
Crossbows      | 1 |  1.4
Armour         | 1 |  1.4
Dodging        | 1 |  1.4
Stealth        | 1 |  1.4
Shields        | 1 |  1.4
Unarmed Combat | 1 |  1.4
Conjurations   | 1 |  1.1
Hexes          | 1 |  1.1
Charms         | 1 |  1.1
Summonings     | 1 |  1.1
Necromancy     | 1 |  1.1
Translocations | 1 |  1.1
Fire Magic     | 1 |  1.1
Air Magic      | 1 |  1.1
Earth Magic    | 1 |  1.1
Poison Magic   | 1 |  1.1
Fighting       | |  2.9
Maces & Flails | |  4.7
Throwing       | |  2.9
Transmutations | |  3.9
Evocations     | |  2.9

Action                   |  1- 3 |  4- 6 || total
-------------------------+-------+-------++-------
Melee: Mace              |    52 |    26 ||    78
       Bite              |     2 |     1 ||     3
 Fire: Blowgun           |    34 |    19 ||    53
 Cast: Flame Tongue      |    19 |    47 ||    66
Evoke: Wand              |       |     1 ||     1
  Use: Potion            |     1 |     1 ||     2
       Scroll            |       |     1 ||     1
 Stab: Distracted        |       |     1 ||     1
  Eat: Chunk             |     1 |     1 ||     2
       Ration            |       |     1 ||     1
Armor: Robe              |    10 |     9 ||    19
Dodge: Dodged            |    51 |    38 ||    89

Table legend:
 A = Spawn XP
 B = Non-spawn XP
 C = Spawn XP percentage of total XP
 D = Spawn monster count
 E = Non-spawn monster count
 F = Spawn count percentage of total count
 G = Total turns spent on level
                    A         B        C        D         E        F      G
               +---------+---------+-------+---------+---------+-------+---------
         Total |       0 |     211 |   0.0 |       0 |      71 |   0.0 |  2223
               +---------+---------+-------+---------+---------+-------+---------
           D:1 |       0 |      86 |   0.0 |       0 |      40 |   0.0 |  1403
           D:2 |       0 |      60 |   0.0 |       0 |      26 |   0.0 |   783
           D:3 |       0 |      65 |   0.0 |       0 |       5 |   0.0 |    37
               +---------+---------+-------+---------+---------+-------+---------
